 Dungeon Crawl Stone Soup version 0.30-a0-534-gdc55766716 (webtiles) character file.

Game seed: 1785690292237494084

120946 stormannn the Eclecticist (level 17, -2/117 HPs)
             Began as a Djinni Fire Elementalist on Dec 23, 2022.
             Was the Champion of Makhleb.
             Slain by a culicivora (13 damage)
             ... on level 4 of the Spider Nest on Dec 24, 2022.
             The game lasted 02:53:50 (29801 turns).

stormannn the Eclecticist (DjFE)                   Turns: 29801, Time: 02:53:50

Health: -2/117     AC: 13    Str: 11    XL:     17   Next: 38%
Gold:   1407       EV: 12    Int: 24    God:    Makhleb [******] SH:  0 Dex: 19

rFire   + + +      SeeInvis .    r - +8 whip of Ugun {protect, rPois rC+ Dex+4}
rCold   x . .      Faith    .    a - +3 buckler of the Moon Troll {rCorr Str+4}
rNeg    . . .      Spirit   .    A - +2 robe {Archmagi}
rPois   ∞          Reflect  .    k - +2 helmet
rElec   .          Harm     .    D - +0 cloak
rCorr   +          Rampage  .    n - +0 pair of gloves
Will    +....      Archmagi +    (boots unavailable)
Stlth   ++                       (no amulet)
HPRegen 0.39/turn                x - +4 ring of protection
MPRegen 0.00/turn                m - ring of fire

@: forested, flying, held
A: sickness immunity, fire resistance 2, cold vulnerability 1, float, innate
caster, HP casting, extra vitality 1
a: Renounce Religion, Minor Destruction, Lesser Servant of Makhleb, Major
Destruction, Greater Servant of Makhleb


You were on level 4 of the Spider Nest.
You worshipped Makhleb.
Makhleb was exalted by your worship.
You visited 5 branches of the dungeon, and saw 23 of its levels.
You also visited: Sewer.

You collected 2049 gold pieces.
You spent 642 gold pieces at shops.

Inventory:

Hand Weapons
 h - a +0 lajatang of electrocution
 r - the +8 whip of Ugun (weapon) {protect, rPois rC+ Dex+4}
   (You found it on level 8 of the Dungeon)

   It grants its wielder temporary protection when it strikes (+7 to AC).
   Dex:       It affects your dexterity (+4).
   rC:        It protects you from cold.
   rPois:     It protects you from poison.
 L - a +1 demon trident of electrocution
Missiles
 E - 4 throwing nets
Armour
 a - the +3 buckler of the Moon Troll (worn) {rCorr Str+4}
   (You bought it in a shop on level 10 of the Dungeon)

   Str:       It affects your strength (+4).
   rCorr:     It protects you from acid and corrosion.
 k - a +2 helmet (worn)
 n - a +0 pair of gloves (worn)
 A - a +2 robe of the Archmagi (worn)
 D - a +0 cloak (worn)
Magical Staves
 I - a staff of poison
Jewellery
 m - a ring of fire (right hand)
 x - a +4 ring of protection (left hand)
Wands
 l - a wand of flame (19)
 w - a wand of paralysis (24)
 C - a wand of polymorph (19)
 F - a wand of mindburst (11)
 O - a wand of light (2)
Scrolls
 b - a scroll of fear
 d - 3 scrolls of blinking
 i - 5 scrolls of teleportation
 p - 6 scrolls of enchant armour
 u - 2 scrolls of silence
 y - 3 scrolls of poison
 z - 3 scrolls of brand weapon
 B - 5 scrolls of magic mapping
 G - 3 scrolls of enchant weapon
 M - a scroll of identify
Potions
 c - 8 potions of brilliance
 e - 4 potions of lignification
 f - 5 potions of ambrosia
 g - 4 potions of heal wounds
 j - 5 potions of might
 o - 10 potions of curing
 q - 4 potions of resistance
 s - 3 potions of cancellation
 t - 2 potions of invisibility
 v - 4 potions of attraction
 H - 2 potions of haste
 J - a potion of mutation {unknown}
 K - a potion of berserk rage {unknown}
Miscellaneous
 N - a condenser vane


   Skills:
 + Level 9.2 Fighting
 + Level 17.6 Dodging
 - Level 1.5 Stealth
 + Level 5.9 Shields
 * Level 17.7 Spellcasting


You had 6 spell levels left.
You knew the following spells:

 Your Spells              Type           Power      Damage    Failure   Level
a - Foxfire               Conj/Fire      100%       2x1d9     0%          1
b - Scorch                Fire           100%       2d10      0%          2
c - Kindle Blastsparks    Fire/Tloc/Air  100%       2d18      0%          3
d - Inner Flame           Hex/Fire       100%       N/A       0%          3
e - Flame Wave            Conj/Fire      100%       2d21      1%          4
f - Beastly Appendage     Tmut           100%       N/A       0%          1
g - Passwall              Tmut/Erth      85%        N/A       0%          2
h - Gell's Gravitas       Tloc           100%       N/A       0%          3
i - Sticky Flame          Conj/Fire      100%       2d11      1%          4
j - Passage of Golubria   Tloc           100%       N/A       1%          4
k - Summon Forest         Summ/Tloc      51%        N/A       1%          5
l - Simulacrum            Ice/Necr       51%        N/A       1%          6
m - Enfeeble              Hex            51%        N/A       1%          7
Your spell library was empty.

Dungeon Overview and Level Annotations

Branches:
Dungeon (11/15)            Temple (1/1) D:4            Lair (5/5) D:10
  Swamp (0/4) Lair:2       Spider (4/4) Lair:3        Slime (0/5) Lair:4
    Orc (2/2) D:10            Elf (0/3) Orc:2         Sewer (visited)

Altars:
Ashenzari
Cheibriados
Dithmenos
Elyvilon
Fedhas
Gozag
Hepliaklqana
Makhleb
Nemelex Xobeh
Okawaru
Qazlal
Ru
Trog
Uskayaw
Wu Jian
Xom
Yredelemnul
Zin
The Shining One

Shops:
D:10 ([   Orc:2 [[*[

Portals:
Abyss: Lair:3
Trove: D:11 (give +6 demon trident)

Annotations:
D:6 1 runed translucent door, PyroL's ghost, novice DrWr
D:8 6 runed translucent doors
Lair:1 1 runed translucent door
Lair:3 2 transporters, Hiwav's ghost, journeyman MfGl


Innate Abilities, Weirdness & Mutations

You are immune to sickness and miasma.
You are immune to poison.
Your flesh is very heat resistant. (rF++)
You are vulnerable to cold. (rC-)
You float through the air rather than walking.
You learn spells naturally, not from books.
Your magical power is your life essence.
You have superior vitality. (+4 MHP)


Message History

You feel better.
A broodmother comes into view.
A steelbarb worm comes into view.
The spark wasp stings you! The spark wasp shocks you!
A wolf spider comes into view.
Casting: Scorch (safe; 0% risk of failure)
Confirm with . or Enter, or press ? or * to list all spells.
Aiming: Sticky Flame (safe; 1% risk of failure)
Press: ? - help, Shift-Dir - straight line, f - spark wasp
Aim: a spark wasp You feel a strong surge of power!
The sticky flame hits the spark wasp!
The spark wasp is lightly wounded.
The spark wasp is covered in liquid flames!
The spark wasp burns!
A tree reaches out and hits the steelbarb worm!
A root smacks the broodmother from below!
The spark wasp is engulfed in a cloud of scalding steam.
The spark wasp stings you! The spark wasp shocks you!
A wolf spider comes into view.
Casting: Sticky Flame (safe; 1% risk of failure)
Confirm with . or Enter, or press ? or * to list all spells.
Aiming: Enfeeble (dangerous; 1% risk of failure)
Press: ? - help, Shift-Dir - straight line, f/p - spark wasp
Aim: a spark wasp (steam, moderately wounded, covered in liquid flames, will inflict weakness and antimagic, chance to daze and blind: 99%)
You feel a surge of power!
The spark wasp is enfeebled!
You hear a faint skittering sound.
The spark wasp burns!
A root lunges up near the steelbarb worm.
The broodmother is hit by a branch!
The spark wasp is engulfed in a cloud of scalding steam.
The spark wasp stings you!
* * * LOW HITPOINT WARNING * * *
The spark wasp shocks you!
* * * LOW HITPOINT WARNING * * *
The orb spider is lost in a daze.
The jumping spider pounces on you.
* * * LOW HITPOINT WARNING * * *
You are caught in a web!
The jumping spider bites you but does no damage.
Your dryad closely misses the jumping spider.
The spark wasp closely misses you. The culicivora bites you!
You die...

.....^#~. .
♣..s..♣.♣
.#...$.^^
..s.s.w♣
#s....#
#♣§.s~~#
♣♣(~~~~^♣
♣.~.sys^♣#
♣...~@R..#
#.......^♣
♣#.....♣~♣
♣.^..♣..♣
♣♣.....^#
#..♣.#.#
♣♣.^.^^♣## ##
##♣.....≈#^#
#.#
##^#......#^^##


You could see a broodmother, a steelbarb worm, a spark wasp (blind, dazed,
burning, weak, magic disrupted), 3 wolf spiders, an orb spider (wandering, inner
flame, blind, dazed, weak, magic disrupted), a culicivora, a jumping spider
(ally target) and a friendly dryad (summoned).

Vanquished Creatures
  Mara (Spider:3)
  Arachne (Spider:2)
  Gastronok (Lair:3)
  A broodmother (Spider:4)
  A spark wasp (Spider:4)
  7 entropy weavers
  3 hydras
  An ogre mage (D:11)
  2 catoblepae (Lair:5)
  A vault guard (D:11)
  A jorogumo (Spider:3)
  7 two-headed ogres
  3 boulder beetles
  4 death yaks (Lair:2)
  2 sun moths
  7 orb spiders
  2 pharaoh ants
  4 steelbarb worms
  5 orc knights (Orc:2)
  20 wolf spiders
  A cyclops (Orc:2)
  A moth of wrath (Spider:4)
  14 elephants
  6 black mambas
  7 cane toads
  Joseph (D:7)
  6 torpor snails
  2 demonic crawlers
  6 komodo dragons
  A rime drake (Lair:5)
  6 hornets (Lair:5)
  4 polar bears
  15 tarantellas
  3 trolls
  11 dream sheep (Lair:5)
  13 blink frogs (Lair:2)
  A jumping spider (shapeshifter) (Spider:3)
  21 jumping spiders
  14 culicivoras
  12 spriggans (Lair:5)
  A wraith (D:10)
  A shadow (D:11)
  4 wyverns
  A vampire (D:9)
  3 basilisks
  A human (Lair:1)
  43 yaks
  45 redbacks
  2 vampire mosquitoes (D:11)
  5 wargs (Orc:2)
  An acid dragon (D:9)
  11 water moccasins
  40 orc warriors
  2 sky beasts
  8 ogres
  11 black bears
  5 boggarts (Lair:5)
  32 wolves
  8 centaurs
  A kobold brigand (D:9)
  2 phantoms (D:6)
  11 bullfrogs
  5 scorpions
  3 necrophages
  8 wights
  6 killer bees (D:11)
  5 howler monkeys
  4 electric eels
  7 jellies
  18 orc priests
  A gnoll bouda (D:5)
  7 hounds
  Ijyb (D:3)
  3 iguanas
  Natasha (D:4)
  18 orc wizards
  10 gnolls
  19 adders
  7 river rats
  3 white imps
  3 worms (D:4)
  2 dart slugs
  80 orcs
  14 endoplasms
  6 giant cockroaches
  7 goblins
  5 hobgoblins
  9 jackals
  9 kobolds
  4 quokkas
  10 ball pythons
  3 bats
  9 frilled lizards
  A quokka zombie (D:4)
  9 rats
  A rat zombie (D:4)
  3 snaplasher vines
758 creatures vanquished.

Vanquished Creatures (collateral kills)
  An entropy weaver (Spider:1)
  Erica (Lair:1)
  2 pharaoh ants (Spider:1)
  A steelbarb worm (Spider:3)
  A wolf spider (Spider:3)
  An orc sorcerer (Orc:2)
  A cane toad (Lair:1)
  A demonic crawler (Spider:1)
  A polar bear (Lair:3)
  4 tarantellas
  2 culicivoras
  2 jumping spiders
  3 yaks (Lair:2)
  2 basilisks
  7 redbacks
  2 water moccasins
  2 bullfrogs (Lair:3)
  An orc (Orc:2)
  A bush (Lair:2)
  8 foxfires
44 creatures vanquished.

Vanquished Creatures (others)
  A ghost moth (Spider:1)
  1904 foxfires
  14 fungi
  44 plants
  2 snaplasher vines (Spider:3)
1965 creatures vanquished.

Grand Total: 2767 creatures vanquished

Notes
Turn   | Place    | Note
-------+----------+-------------------------------------------
     0 | D:1      | stormannn the Djinni Fire Elementalist began the quest for
                  | the Orb.
     0 | D:1      | stormannn set off with the following spells memorised:
                  | Foxfire, Scorch, Kindle Blastsparks, Inner Flame, Flame
                  | Wave.
     0 | D:1      | Reached XP level 1. HP: 15/15 MP: 0/0
   178 | D:1      | Reached XP level 2. HP: 19/21 MP: 0/0
  1286 | D:2      | Reached XP level 3. HP: 20/25 MP: 0/0
  1286 | D:2      | Learned a level 1 spell: Beastly Appendage
  2282 | D:3      | Reached XP level 4. HP: 25/31 MP: 0/0
  2803 | D:3      | Noticed Ijyb
  2807 | D:3      | Paralysed by Ijyb for 3 turns
  2823 | D:3      | Paralysed by Ijyb for 5 turns
  2831 | D:3      | Killed Ijyb
  2889 | D:3      | Reached XP level 5. HP: 18/35 MP: 0/0
  2889 | D:3      | Learned a level 2 spell: Passwall
  3753 | D:4      | Identified the +7 ring mail of Whack-A-Mole {rElec Int+2}
  3819 | D:4      | Reached XP level 6. HP: 15/40 MP: 0/0
  4166 | D:4      | Found a glowing drain.
  4173 | Sewer    | Entered a sewer
  4259 | Sewer    | Reached XP level 7. HP: 39/45 MP: 0/0
  4259 | Sewer    | Learned a level 3 spell: Gell's Gravitas
  4538 | Sewer    | Reached skill level 5 in Spellcasting
  4550 | Sewer    | Reached skill level 5 in Dodging
  4633 | Sewer    | Found a viscous altar of Jiyva.
  4850 | D:4      | Found a staircase to the Ecumenical Temple.
  4897 | Temple   | Entered the Ecumenical Temple
  5264 | Temple   | Became a worshipper of Makhleb the Destroyer
  5340 | D:4      | Reached XP level 8. HP: 43/50 MP: 0/0
  5557 | D:4      | Noticed Natasha
  5562 | D:4      | Killed Natasha
  5820 | D:5      | Entered Level 5 of the Dungeon
  6558 | D:5      | Reached * piety under Makhleb
  6938 | D:6      | Reached XP level 9. HP: 50/55 MP: 0/0
  6938 | D:6      | Learned a level 4 spell: Sticky Flame
  7216 | D:6      | Found a runed translucent door.
  7223 | D:6      | Noticed PyroL's ghost (novice DrWr)
  8032 | D:6      | Reached ** piety under Makhleb
  8046 | D:6      | Reached skill level 1 in Fighting
  8734 | D:7      | Noticed Joseph
  8742 | D:7      | Killed Joseph
  8743 | D:7      | Reached XP level 10. HP: 58/65 MP: 0/0
  8942 | D:7      | Found a hide-covered altar of Uskayaw.
  9507 | D:7      | Reached skill level 10 in Dodging
  9507 | D:7      | Reached skill level 10 in Spellcasting
  9507 | D:7      | Reached XP level 11. HP: 76/76 MP: 0/0
  9507 | D:7      | Learned a level 4 spell: Passage of Golubria
  9510 | D:7      | Reached XP level 12. HP: 86/86 MP: 0/0
  9551 | D:8      | Identified the +8 whip of Ugun {protect, rPois rC+ Dex+4}
  9654 | D:8      | Identified the +2 ring mail of Realowarph {Drain Fly rF+}
  9715 | D:8      | Reached *** piety under Makhleb
 10116 | D:8      | Found a runed translucent door.
 10344 | D:8      | Found a runed translucent gate.
 10344 | D:8      | Found a runed translucent gate.
 10344 | D:8      | Found a runed translucent gate.
 10344 | D:8      | Found a runed translucent gate.
 10344 | D:8      | Noticed a boulder beetle
 10345 | D:8      | Found a runed translucent gate.
 10346 | D:8      | Found a runed translucent gate.
 10347 | D:8      | Noticed a boulder beetle
 11502 | D:10     | Entered Level 10 of the Dungeon
 11510 | D:10     | Noticed a two-headed ogre
 11518 | D:10     | Killed a two-headed ogre
 11712 | D:10     | Found a staircase to the Lair.
 12009 | D:10     | Found Foxipnot's Weapon Emporium.
 12009 | D:10     | Found a staircase to the Orcish Mines.
 12009 | D:10     | Found Waoluf's Armour Emporium.
 12380 | Orc:1    | Entered Level 1 of the Orcish Mines
 12514 | Orc:2    | Entered Level 2 of the Orcish Mines
 12684 | Orc:2    | Reached **** piety under Makhleb
 12930 | Orc:2    | Reached XP level 13. HP: 62/92 MP: 0/0
 12930 | Orc:2    | Learned a level 5 spell: Summon Forest
 13261 | Orc:2    | Found Pixtam's Assorted Antiques.
 13261 | Orc:2    | Found Giyco's Antique Armour Shoppe.
 13340 | Orc:2    | Reached ***** piety under Makhleb
 13941 | Orc:2    | Reached skill level 1 in Shields
 14191 | Orc:2    | Found Riluk's Antique Armour Shop.
 14191 | Orc:2    | Found Ziroegrawe's Antique Armour Shoppe.
 14274 | Orc:2    | Found a staircase to the Elven Halls.
 14520 | Orc:2    | Bought a glimmering buckler for 237 gold pieces
 14520 | Orc:2    | Identified the +2 buckler of the Saviour {Contam rPois
                  | Str+5} (You bought it in a shop on level 2 of the Orcish
                  | Mines)
 14558 | D:10     | Bought the +3 buckler of the Moon Troll {rCorr Str+4} for
                  | 405 gold pieces
 14745 | D:11     | Noticed a vault guard
 14751 | D:11     | Killed a vault guard
 14768 | D:11     | Noticed an ogre mage
 14770 | D:11     | Paralysed by an ogre mage for 2 turns
 14776 | D:11     | Killed an ogre mage
 14837 | D:11     | Found a portal to a secret trove of treasure.
 14923 | D:11     | Upgraded the game from 0.30-a0-528-g8c47a4955b to
                  | 0.30-a0-534-gdc55766716
 15418 | D:11     | Reached XP level 14. HP: 83/98 MP: 0/0
 15631 | Lair:1   | Entered Level 1 of the Lair of Beasts
 16028 | Lair:1   | Noticed Erica
 16034 | Lair:1   | Killed Erica
 16698 | Lair:1   | Reached ****** piety under Makhleb
 16735 | Lair:1   | Found a runed translucent door.
 16750 | Lair:1   | Noticed a reaper
 16913 | Lair:2   | Found a staircase to the Swamp.
 18296 | Lair:3   | Reached skill level 15 in Spellcasting
 18408 | Lair:3   | You are sucked into a shaft and drop 2 floors!
 18408 | Lair:5   | Entered Level 5 of the Lair of Beasts
 18620 | Lair:3   | Reached XP level 15. HP: 101/103 MP: 0/0
 18620 | Lair:3   | Learned a level 6 spell: Simulacrum
 18625 | Lair:3   | Reached skill level 15 in Dodging
 18698 | Lair:3   | Found a hole to the Spider Nest.
 18893 | Lair:3   | Noticed Gastronok
 18906 | Lair:3   | Killed Gastronok
 19006 | Lair:3   | Noticed Hiwav's ghost (journeyman MfGl)
 19027 | Lair:3   | Found a transporter.
 19031 | Lair:3   | Found a transporter.
 19040 | Lair:3   | Found a one-way gate to the infinite horrors of the Abyss.
 19623 | Lair:4   | Found a staircase to the Slime Pits.
 22016 | Lair:5   | Identified the +6 scale mail of the Snake Pit {rF+ MP+9}
 23118 | Spider:1 | Entered Level 1 of the Spider Nest
 23125 | Spider:1 | Killed a ghost moth
 23323 | Spider:1 | Reached XP level 16. HP: 63/109 MP: 0/0
 25737 | Spider:2 | Noticed Arachne
 25962 | Spider:2 | Killed Arachne
 26261 | Spider:3 | Noticed Mara
 26273 | Spider:3 | Killed Mara
 26301 | Spider:3 | Identified the +1 chain mail of Ciusyl {Fly Will+}
 27055 | Spider:3 | Reached skill level 5 in Shields
 27272 | Spider:3 | Reached XP level 17. HP: 109/115 MP: 0/0
 27272 | Spider:3 | Learned a level 7 spell: Enfeeble
 27694 | Spider:4 | Entered Level 4 of the Spider Nest
 29801 | Spider:4 | Slain by a culicivora

Illustrated notes

Levels and vault maps discovered:
D:1:      giann_horns, layout_basic, minmay_tromino_i4
D:2:      layout_loops_corners, minmay_misc_feat_room, chequers_mini_garden,
          minmay_misc_feat_more_columns
D:3:      layout_loops_cross, serial_aquarium, aquarium_bridge_long_joined
          [aquarium_subvault_bridge, aquarium_subvault_bridge,
          aquarium_subvault_balcony, aquarium_subvault_window,
          aquarium_subvault_window, aquarium_subvault_bridge],
          aquarium_bridge_square [aquarium_subvault_bridge,
          aquarium_subvault_wall, aquarium_subvault_bridge,
          aquarium_subvault_window], aquarium_window_fake, aquarium_window_2,
          aquarium_window_corridor_3, aquarium_view_2e, aquarium_pool_four,
          uniq_ijyb
D:4:      layout_basic, minmay_temple_entry_grid, lightli_sewer_entry_pipes,
          enter_ossuary_4, kennysheep_orc_chapel, uniq_natasha
D:5:      layout_cave_pods
D:6:      layout_loops_corners, hellmonk_ghost_happy_afterlife,
          minmay_increasing_density
D:7:      layout_basic, mainiacjoe_overflow_small_starburst, uniq_joseph
D:8:      gammafunk_indiana_jones, layout_basic
D:9:      layout_roguey, kennysheep_donut
D:10:     layout_basic, lair_entry_dummy, orc_david_3,
          chequers_serial_rivers_small_3
D:11:     layout_long_grid, enter_trove_5, minmay_misc_feat_chi
Temple:   regret_index_temple_sigil_plot
Lair:1:   layout_big_grid, pdpol_lair_cabin_in_the_woods,
          infiniplex_staircase_pool, uniq_erica
Lair:2:   layout_regular_city, swamp_mist, chequers_serial_rivers_room_a,
          bh_autumn_forest_stairs, grunt_megastairs_3
Lair:3:   layout_roguey, nicolae_spider_entry_orb_guardian,
          gammafunk_ghost_abyssal_escape, grunt_megastairs_5, uniq_gastronok
Lair:4:   layout_misc_corridors, nicolae_slime_entry_slimehenge,
          hangedman_lair_unloving_vines, grunt_megastairs_4
Lair:5:   minmay_lair_end_enchanted_forest, layout_long_grid
Spider:1: layout_spider_delve, drop_trap
Spider:2: layout_spider_delve, uniq_arachne
Spider:3: layout_cave_pods, hellmonk_deceptive_appearances, uniq_mara
Spider:4: grunt_spider_rune_parallel
Orc:1:    layout_diamond_mine, uniq_maurice
Orc:2:    st_orc_town, layout_diamond_mine, led_sif_book

Skill      XL: |  1  2  3  4  5  6  7  8  9 10 11 12 13 14 15 16 17 |
---------------+----------------------------------------------------+-----
Spellcasting   | 3 4 5 7 8 10 11 12 13 15 16 17 | 17.7
Dodging        | 3 4 5 6 8 10 11 12 13 14 16 17 | 17.6
Fighting       | 2 6 7 8 9 |  9.2
Shields        | 4 5 |  5.9
Stealth        | |  1.5

Action                   |  1- 3 |  4- 6 |  7- 9 | 10-12 | 13-15 | 16-18 || total
-------------------------+-------+-------+-------+-------+-------+-------++-------
Melee: Hand axe          |       |       |     2 |       |       |       ||     2
       Whip              |       |       |       |     7 |     2 |       ||     9
 Cast: Foxfire           |   105 |    94 |   182 |   129 |   460 |   149 ||  1119
       Scorch            |     2 |    24 |    38 |    39 |   145 |    84 ||   332
       Kindle Blastspark |       |     1 |     6 |     8 |     3 |       ||    18
       Passwall          |       |     8 |       |       |       |       ||     8
       Inner Flame       |       |       |    57 |    67 |   215 |    89 ||   428
       Gell's Gravitas   |       |       |       |    11 |    59 |    23 ||    93
       Flame Wave        |       |       |       |     5 |    34 |     5 ||    44
       Summon Forest     |       |       |       |       |    13 |    18 ||    31
       Sticky Flame      |       |       |       |       |    14 |   116 ||   130
       Simulacrum        |       |       |       |       |     3 |       ||     3
       Enfeeble          |       |       |       |       |       |    11 ||    11
Evoke: Wand              |       |       |       |       |       |    10 ||    10
  Use: Scroll            |     3 |     4 |     3 |     8 |     8 |     6 ||    32
       Potion            |       |       |       |     2 |       |     1 ||     3
Armor: Robe              |       |     9 |     1 |     7 |    40 |    46 ||   103
Dodge: Dodged            |     8 |    11 |    14 |    22 |    92 |   169 ||   316
Block: Buckler           |       |       |       |       |    40 |    90 ||   130

Table legend: (Time is in decaauts)
 A = Elapsed time spent in this place.
 B = Non-inter-level travel time spent in this place.
 C = Inter-level travel time spent in this place.
 D = Time resting spent in this place.
 E = Time spent auto-exploring this place.
 F = Levels seen in this place.
 G = Mean time per level.
                   A        B        C        D        E       F      G
               +--------+--------+--------+--------+--------+-----+--------+
         Total |  29836 |  28346 |   1490 |   8050 |  10969 |  24 | 1243.2 |
       Dungeon |  12548 |  11775 |    773 |   1567 |   6952 |  11 | 1140.7 |
        Temple |    393 |    337 |     56 |     62 |    256 |   1 |  393.0 |
          Lair |   7423 |   6985 |    438 |   1981 |   1980 |   5 | 1484.6 |
   Spider Nest |   6714 |   6592 |    122 |   3647 |    640 |   4 | 1678.5 |
  Orcish Mines |   2190 |   2090 |    100 |    561 |    991 |   2 | 1095.0 |
         Sewer |    565 |    565 |      0 |    232 |    150 |   1 |  565.0 |
               +--------+--------+--------+--------+--------+-----+--------+

Top non-repeatable levels by time:
Spider:3: 2537 daAuts
  Lair:5: 2504 daAuts
Spider:1: 2221 daAuts
   Orc:2: 2037 daAuts
     D:6: 1602 daAuts
     D:3: 1477 daAuts
  Lair:1: 1410 daAuts
  Lair:2: 1400 daAuts
     D:5: 1239 daAuts
     D:2: 1208 daAuts
  Lair:4: 1154 daAuts
     D:4: 1137 daAuts
     D:9: 1105 daAuts
     D:1: 1037 daAuts
Spider:4: 1022 daAuts
